 Dungeon Crawl Stone Soup version 0.30-a0-1161-g0704695555 (webtiles) character file.

Game seed: 5368530046452097678

779 funkygono the Chopper (level 7, -1/61 HPs)
             Began as a Minotaur Fighter on Apr 27, 2023.
             Slain by a gnoll
             ... wielding a +0 spear
             ... led by a gnoll bouda
              (6 damage)
             ... on level 7 of the Dungeon.
             The game lasted 00:05:12 (3344 turns).

funkygono the Chopper (Minotaur Fighter)            Turns: 3344, Time: 00:05:13

Health: -1/61      AC: 10    Str: 23    XL:     7   Next: 54%
Magic:  6/6        EV:  8    Int: 11    God:
Gold:   125        SH:  5    Dex:  9    Spells: 6/6 levels left

rFire   . . .        a - +0 war axe
rCold   . . .        c - +0 buckler
rNeg    . . .        k - +0 chain mail
rPois   .            (helmet restricted)
rElec   .            (no cloak)
rCorr   .            (no gloves)
SInv    .            (no boots)
Will    .....        (no amulet) Stlth
                     t - +6 ring of intelligence
HPRegen 0.30/turn    (no ring)
MPRegen 0.10/turn

%: no passive effects
@: no status effects
A: horns 2, retaliatory headbutt
a: no special abilities


You were on level 7 of the Dungeon.
You visited 1 branch of the dungeon, and saw 5 of its levels.
You also visited: Sewer.

You collected 125 gold pieces.

Inventory:

Hand Weapons
 a - a +0 war axe (weapon)
Missiles
 g - 5 datura-tipped darts
 n - 4 javelins (quivered)
 p - 2 atropa-tipped darts
Armour
 c - a +0 buckler (worn)
 k - a +0 chain mail (worn)
Jewellery
 t - a +6 ring of intelligence (left hand)
Wands
 l - a wand of iceblast (23)
 y - a wand of polymorph (2)
Scrolls
 b - 4 scrolls of teleportation {unknown}
 h - a scroll of poison {unknown}
 i - 6 scrolls of identify {unknown}
 j - a scroll of noise {unknown}
 m - 2 scrolls of magic mapping {unknown}
 o - 3 scrolls of enchant armour {unknown}
 q - 2 scrolls of silence {unknown}
 r - a scroll of enchant weapon {unknown}
 s - a scroll of blinking {unknown}
 w - a scroll of amnesia {unknown}
Potions
 d - 5 potions of might
 e - 2 potions of heal wounds {unknown}
 f - 3 potions of berserk rage {unknown}
 u - a potion of brilliance {unknown}
 v - a potion of resistance {unknown}
 x - 2 potions of curing {unknown}


   Skills:
 + Level 5.4 Fighting
 + Level 6.4 Axes
 + Level 6.0 Armour
 + Level 1.5 Dodging
 + Level 0.1 Stealth
 + Level 5.9 Shields


You had 6 spell levels left.
You didn't know any spells.
Your spell library contained the following spells:

 Spells                   Type           Power      Damage    Failure   Level
 Sandblast                Erth           0%         2d4       92%         1
 Passwall                 Tmut/Erth      0%         N/A       98%         2
 Sublimation of Blood     Necr           0%         N/A       98%         2
 Wereblood                Tmut           0%         N/A       98%         2
 Stone Arrow              Conj/Erth      0%         3d7       100%        3
 Summon Hydra             Summ           0%         N/A       100%        7


Dungeon Overview and Level Annotations

Branches:
Dungeon (4/15)              Sewer (visited)
 Temple: D:4-7

Altars:
Nemelex Xobeh
Qazlal


Innate Abilities, Weirdness & Mutations

You have a pair of horns on your head.
You reflexively headbutt those who attack you in melee.


Message History

Your headbutt misses something.
You hear a shout!
The gnoll hits you but does no damage.
A sky beast appears from thin air!
Reactivating autopickup.
The sky beast hits you but does no damage.
A bullfrog comes into view.
The bullfrog croaks.
The sky beast flickers out of sight!
Deactivating autopickup; reactivate with Ctrl-A.
You closely miss something. Your headbutt misses something.
Something hits you but does no damage.
You miss something. Your headbutt misses something.
Something hits you but does no damage. The gnoll barely misses you.
The gnoll hits you from afar with a +0 spear.
* * * LOW HITPOINT WARNING * * *
Something hits you but does no damage.
You miss something. You block the gnoll's attack.
Something hits you but does no damage.
You completely miss something.
The gnoll hits you from afar with a +0 spear.
* * * LOW HITPOINT WARNING * * *
Something hits you.
* * * LOW HITPOINT WARNING * * *
Something shocks you.
* * * LOW HITPOINT WARNING * * *
You closely miss something. The gnoll hits you but does no damage.
Something hits you but does no damage.
You barely miss something. Something hits you but does no damage.
You block the gnoll's attack.
You miss something. Your headbutt misses something.
You block something's attack. The gnoll barely misses you.
The gnoll closely misses you. Something hits you.
* * * LOW HITPOINT WARNING * * *
Something shocks you.
* * * LOW HITPOINT WARNING * * *
You barely miss something. Your headbutt misses something.
You block the gnoll's attack. Something hits you but does no damage.
You miss something. Your headbutt misses something.
The gnoll hits you from afar with a +0 spear.
You die...

#.### ###....
Y......#############
#....F...........###
#.####..##......
#g####..##.#.##.##
#.##..............
#g##.#..##.#.##.##
#.{@.....#.#.##.#
####.###.......)#
#.# #.########
#.###.# #.....#
###.### #.# #.# #.#


You could see a gnoll.

Vanquished Creatures
  An ice beast (D:4)
  The ghost of PostNTower the Ruffian, an amateur DrTm (D:3)
  2 bullfrogs (Sewer)
  A scorpion (D:4)
  An iguana (D:4)
  An orc wizard (D:4)
  A sleepcap (D:4)
  Natasha (thrice) (D:2)
  15 adders
  A river rat (Sewer)
  3 worms
  A dart slug (D:2)
  4 orcs
  14 ball pythons
  7 endoplasms
  12 giant cockroaches
  3 hobgoblins
  3 jackals (D:3)
  8 quokkas
  7 bats
  11 frilled lizards
  9 goblins
  3 kobolds
  32 rats
144 creatures vanquished.

Notes
Turn   | Place    | Note
-------+----------+-------------------------------------------
     0 | D:1      | funkygono the Minotaur Fighter began the quest for the Orb.
     0 | D:1      | Reached XP level 1. HP: 19/19 MP: 0/0
    26 | D:1      | Found a faded altar of an unknown god.
   120 | D:1      | Reached XP level 2. HP: 27/27 MP: 1/1
   379 | D:1      | Reached XP level 3. HP: 27/33 MP: 2/2
   720 | D:2      | Found a stormy altar of Qazlal.
   964 | D:2      | Noticed Natasha
   969 | D:2      | Killed Natasha
   970 | D:2      | Reached XP level 4. HP: 40/40 MP: 3/3
  1258 | D:2      | Noticed Natasha
  1263 | D:2      | Killed Natasha
  1264 | D:2      | Reached skill level 5 in Shields
  1397 | D:2      | Noticed Natasha
  1402 | D:2      | Killed Natasha
  1403 | D:2      | Reached XP level 5. HP: 46/46 MP: 4/4
  1583 | D:3      | Found a runed translucent gate.
  1583 | D:3      | Found a runed translucent gate.
  1583 | D:3      | Found a runed translucent gate.
  1587 | D:3      | Noticed PostNTower's ghost (amateur DrTm)
  1629 | D:3      | Reached skill level 5 in Armour
  1700 | D:3      | Reached skill level 1 in Dodging
  2169 | D:3      | Found a sparkling altar of Nemelex Xobeh.
  2283 | D:3      | Killed PostNTower's ghost
  2284 | D:3      | Reached XP level 6. HP: 24/55 MP: 5/5
  2505 | D:4      | Noticed an ice beast
  2519 | D:4      | Killed an ice beast
  2523 | D:4      | Reached skill level 5 in Axes
  2636 | D:4      | Found a glowing drain.
  2649 | Sewer    | Entered a sewer
  2675 | Sewer    | Reached XP level 7. HP: 60/60 MP: 6/6
  2700 | Sewer    | Reached skill level 5 in Fighting
  2890 | Sewer    | HP: 3/61 [poisoned by an adder]
  3289 | D:4      | You fall into a shaft and drop 3 floors!
  3344 | D:7      | Slain by a gnoll

Illustrated notes

Levels and vault maps discovered:
D:1:      dpeg_arrival_pits, layout_basic, chequers_ecumenical_altar_simple
D:2:      layout_loops_ring, basic_altar, solitary_fountain, uniq_natasha
D:3:      layout_basic, nemelex_altar_shiori, ebering_ghost_rock_garden,
          nicolae_kite_square_tiling_tiny, minmay_quadrilaterals
D:4:      layout_rooms, fedhas_altar_decomposition, gup_sewer_entry_pipe,
          gammafunk_ghost_smash
D:7:      layout_loops_cross, uniq_prince_ribbit1

Skill      XL: |  1  2  3  4  5  6  7 |
---------------+----------------------+-----
Fighting       | 4 5 |  5.4
Armour         | 4 5 6 |  6.0
Shields        | 4 5 |  5.9
Axes           | 3 4 5 6 |  6.4
Dodging        | 1 |  1.5
Stealth        | |  0.1

Action                     |  1- 3 |  4- 6 |  7- 9 || total
---------------------------+-------+-------+-------++-------
  Melee: War axe           |    80 |   128 |    84 ||   292
         Headbutt          |    10 |    22 |     8 ||    40
 Armour: Scale mail        |    61 |       |       ||    61
         Chain mail        |     1 |    69 |    70 ||   140
  Dodge: Dodged            |    43 |    67 |    41 ||   151
  Block: Buckler           |    30 |    28 |    24 ||    82

Table legend: (Time is in decaauts)
 A = Elapsed time spent in this place.
 B = Non-inter-level travel time spent in this place.
 C = Inter-level travel time spent in this place.
 D = Time resting spent in this place.
 E = Time spent auto-exploring this place.
 F = Levels seen in this place.
 G = Mean time per level.
                   A        B        C        D        E       F      G
               +--------+--------+--------+--------+--------+-----+--------+
         Total |   3481 |   3413 |     68 |    289 |   2211 |   6 |  580.2 |
       Dungeon |   2968 |   2900 |     68 |     89 |   2058 |   5 |  593.6 |
         Sewer |    513 |    513 |      0 |    200 |    153 |   1 |  513.0 |
               +--------+--------+--------+--------+--------+-----+--------+

Top non-repeatable levels by time:
     D:3: 1006 daAuts
     D:2: 771 daAuts
     D:1: 717 daAuts
   Sewer: 513 daAuts
     D:4: 414 daAuts
     D:7: 58 daAuts
